 Dungeon Crawl Stone Soup version 0.26-a0-651-gb41185065b (webtiles) character file.

Game seed: 14880902275957939713

(classic levelgen) 890 EnegeticOcto the Chopper (level 7, -2/66 HPs)
             Began as a Deep Dwarf Fighter on Oct 17, 2020.
             Slain by Edmund
             ... wielding a +1 flail of draining
              (5 damage)
             ... on level 5 of the Dungeon.
             The game lasted 00:01:21 (1601 turns).

EnegeticOcto the Chopper (Deep Dwarf Fighter)       Turns: 1601, Time: 00:01:22

Health: -2/66      AC: 10    Str: 22    XL:     7   Next: 77%
Magic:  1/1        EV:  4    Int:  8    God:
Gold:   153        SH:  7    Dex: 12    Spells: 6/6 levels left

rFire    . . .     SeeInvis .   a - +0 war axe
rCold    . . .     Faith    .   c - +0 kite shield
rNeg     . . .     Spirit   .   r - +0 chain mail
rPois    +         Reflect  .   j - +0 helmet
rElec    .         Harm     .   (no cloak)
rCorr    .         Rampage  .   (no gloves)
MR       +....                  f - +0 pair of boots
Stlth    ..........             (no amulet)
HPRegen  0.00/turn              p - ring of poison resistance
MPRegen  0.07/turn              (no ring)

@: non-regenerating, extremely drained
A: damage resistance, heal wounds, sense surroundings 1, no regeneration
a: Heal Wounds


You were on level 5 of the Dungeon.
You visited 1 branch of the dungeon, and saw 5 of its levels.

You collected 153 gold pieces.

Inventory:

Hand Weapons
 a - a +0 war axe (weapon)
Armour
 c - a +0 kite shield (worn)
 f - a +0 pair of boots (worn)
 j - a +0 helmet (worn)
 r - a +0 chain mail (worn)
Jewellery
 p - a ring of poison resistance (left hand)
Scrolls
 e - a scroll of enchant armour {unknown}
 g - 2 scrolls of identify {unknown}
 h - 3 scrolls of remove curse {unknown}
 o - a scroll of magic mapping {unknown}
 q - a scroll of teleportation {unknown}
 s - a scroll of random uselessness {unknown}
Potions
 b - a potion of degeneration {unknown}
 d - a potion of might {@q3}
 i - a potion of brilliance {unknown}
 k - 2 potions of berserk rage
 l - a potion of stabbing {unknown}
 m - a potion of ambrosia {unknown}
 n - 2 potions of heal wounds {unknown}


   Skills:
 + Level 4.4(0.0) Fighting
 * Level 6.5(0.0) Axes
 + Level 5.4(0.0) Armour
 + Level 5.3(0.0) Shields


You had 6 spell levels left.
You didn't know any spells.
Your spell library was empty.

Dungeon Overview and Level Annotations

Branches:
Dungeon (5/15)             Temple (0/1) D:5

Altars:

Annotations:
D:5 Edmund


Innate Abilities, Weirdness & Mutations

You are resistant to damage.
You can heal yourself by infusing magical energy.
You passively map a small area around you.
You do not regenerate.


Message History

Edmund is heavily wounded.
Edmund hits you with a +1 flail of draining.
You feel drained.
Edmund hits you with a +1 flail of draining!
You feel drained.
Your shield prevents you from hitting Edmund.
Edmund is heavily wounded.
You block Edmund's attack.
You closely miss Edmund.
Edmund is heavily wounded.
Edmund hits you but does no damage.
You feel drained. Edmund barely misses you.
You closely miss Edmund.
Edmund is heavily wounded.
You are no longer poisoned.
Edmund hits you with a +1 flail of draining.
You feel drained. You block Edmund's attack.
You barely miss Edmund.
Edmund is heavily wounded.
Edmund is no longer berserk.
You block Edmund's attack. x2
You barely miss Edmund.
Edmund is heavily wounded.
Edmund hits you with a +1 flail of draining.
You feel drained.
Your chain mail prevents you from hitting Edmund.
Edmund is heavily wounded.
Edmund hits you but does no damage.
You feel drained.
Your shield and chain mail prevent you from hitting Edmund.
Edmund is heavily wounded.
Edmund hits you but does no damage.
You feel drained.
Your shield prevents you from hitting Edmund.
Edmund is heavily wounded.
Edmund hits you but does no damage.
You feel drained.
Your shield and chain mail prevent you from hitting Edmund.
Edmund is heavily wounded.
You block Edmund's attack.
You hit Edmund.
Edmund is heavily wounded.
Edmund looks more energetic.
Edmund hits you with a +1 flail of draining.
You feel drained.
You closely miss Edmund.
Edmund is heavily wounded.
Edmund hits you but does no damage.
You feel drained.
You hit Edmund but do no damage.
Edmund is heavily wounded.
Edmund hits you but does no damage.
You feel drained.
You barely miss Edmund.
Edmund is heavily wounded.
Edmund drinks a potion.
Edmund goes berserk!
Edmund hits you with a +1 flail of draining!
You feel drained.
* * * LOW HITPOINT WARNING * * *
You are too injured to fight recklessly!
You are too injured to fight recklessly!
You are too injured to fight recklessly!
You are too injured to fight recklessly!
You are too injured to fight recklessly!
You are too injured to fight recklessly!
You are too injured to fight recklessly!
You are too injured to fight recklessly!
You are too injured to fight recklessly!
You are too injured to fight recklessly!
You are too injured to fight recklessly!
You are too injured to fight recklessly!
You are too injured to fight recklessly!
You are too injured to fight recklessly!
You are too injured to fight recklessly!
You are too injured to fight recklessly!
You are too injured to fight recklessly!
You are too injured to fight recklessly!
You are too injured to fight recklessly!
You are too injured to fight recklessly!
You are too injured to fight recklessly!
You are too injured to fight recklessly!
You are too injured to fight recklessly!
You are too injured to fight recklessly!
You are too injured to fight recklessly!
You are too injured to fight recklessly!
You are too injured to fight recklessly!
You are too injured to fight recklessly!
You are too injured to fight recklessly!
You are too injured to fight recklessly!
You are too injured to fight recklessly!
You are too injured to fight recklessly!
You are too injured to fight recklessly!
You are too injured to fight recklessly!
You are too injured to fight recklessly!
You are too injured to fight recklessly!
You are too injured to fight recklessly!
You are too injured to fight recklessly!
Edmund hits you with a +1 flail of draining.
* * * LOW HITPOINT WARNING * * *
You feel drained. Edmund hits you but does no damage.
You feel drained. Edmund hits you but does no damage.
You feel drained. Edmund hits you but does no damage.
You feel drained.
Edmund hits you with a +1 flail of draining!
* * * LOW HITPOINT WARNING * * *
You feel drained.
You die...

... * # .... * #. , ,,...
,, , , #. , ..# *.##.. ,
*#.#, , ..... *####.# #
,,#.. ,
#....###..#.....#[.### ,
, , #.@@.........#..#.. *
, , *#.####.#.....#..#..
..., #.# *>......#..#.. ,
,....##'### #........##.
* , ..........#
...........
..##......########...†#..
* ,
≈..................))...
,
§≈≈.......#.........)))##
≈≈≈≈.######............#


You could see Edmund (berserk).

Vanquished Creatures
  Grinder (D:4)
  A phantom (D:4)
  An ogre (D:4)
  A gnoll sergeant (D:5)
  2 scorpions (D:4)
  A quasit (D:5)
  A hound (D:4)
  An orc wizard (D:3)
  2 orc priests
  A centaur skeleton (D:4)
  A bullfrog skeleton (D:4)
  4 gnolls (D:5)
  4 adders
  An ufetubus (D:5)
  2 dart slugs
  A worm (D:3)
  A leopard gecko (D:5)
  12 orcs
  2 giant cockroaches
  3 goblins
  10 hobgoblins
  2 jackals (D:3)
  A quokka (D:3)
  2 ball pythons
  5 bats
  5 frilled lizards
  A jackal skeleton (D:4)
  8 kobolds
77 creatures vanquished.

Notes
Turn   | Place    | Note
-------+----------+-------------------------------------------
     0 | D:1      | EnegeticOcto the Deep Dwarf Fighter began the quest for the
                  | Orb.
     0 | D:1      | Reached XP level 1. HP: 20/20 MP: 1/1
    82 | D:1      | Reached XP level 2. HP: 22/27 MP: 2/2
   491 | D:2      | Reached skill level 3 in Axes
   498 | D:2      | Reached XP level 3. HP: 25/33 MP: 3/3
   814 | D:3      | Reached XP level 4. HP: 21/42 MP: 4/4
   916 | D:4      | Reached skill level 4 in Axes
   916 | D:4      | Reached XP level 5. HP: 27/49 MP: 5/5
   964 | D:4      | Noticed an ogre
   968 | D:4      | Noticed Grinder
   970 | D:4      | Noticed a phantom
   972 | D:4      | Paralysed by Grinder for 5 turns
   980 | D:4      | Killed an ogre
   992 | D:4      | Paralysed by Grinder for 3 turns
  1000 | D:4      | Killed Grinder
  1000 | D:4      | Reached skill level 5 in Axes
  1000 | D:4      | Reached XP level 6. HP: 36/57 MP: 4/4
  1046 | D:4      | Reached XP level 7. HP: 50/64 MP: 4/4
  1179 | D:4      | Reached skill level 5 in Armour
  1242 | D:4      | Reached skill level 5 in Shields
  1245 | D:4      | Reached skill level 6 in Axes
  1445 | D:5      | Entered Level 5 of the Dungeon
  1567 | D:5      | Found a staircase to the Ecumenical Temple.
  1569 | D:5      | Noticed Edmund
  1601 | D:5      | HP: 3/66 [Edmund/+1 flail of draining (11)]
  1601 | D:5      | Slain by Edmund

Illustrated notes

Levels and vault maps discovered:
D:1:      lightli_arrival_statuegarden, layout_loops_corners, minmay_tall_x
D:2:      layout_basic, chequers_ecumenical_altar_island
D:3:      layout_basic, nicolae_ru_path_of_blood
D:4:      layout_rooms, uniq_grinder
D:5:      layout_basic, minmay_temple_entry_mist, uniq_edmund

Skill      XL: |  1  2  3  4  5  6  7 |
---------------+----------------------+-----
Axes           | 3 4 5 6 |  6.5
Fighting       | 3 4 |  4.4
Armour         | 4 5 |  5.4
Shields        | 4 5 |  5.3

Action                   |  1- 3 |  4- 6 |  7- 9 || total
-------------------------+-------+-------+-------++-------
Melee: War axe           |   112 |    79 |   112 ||   303
 Abil: Heal Wounds       |       |     6 |     9 ||    15
Armor: Scale mail        |    60 |    35 |    15 ||   110
       Chain mail        |       |       |    61 ||    61
Dodge: Dodged            |    35 |    29 |    30 ||    94
Block: Kite shield       |    50 |    34 |    78 ||   162

Table legend: (Time is in decaauts)
 A = Elapsed time spent in this place.
 B = Non-inter-level travel time spent in this place.
 C = Inter-level travel time spent in this place.
 D = Time resting spent in this place.
 E = Time spent auto-exploring this place.
 F = Levels seen in this place.
 G = Mean time per level.
                   A        B        C        D        E       F      G
               +--------+--------+--------+--------+--------+-----+--------+
         Total |   1711 |   1517 |    194 |      0 |    835 |   5 |  342.2 |
       Dungeon |   1711 |   1517 |    194 |      0 |    835 |   5 |  342.2 |
               +--------+--------+--------+--------+--------+-----+--------+

Top non-repeatable levels by time:
     D:4: 490 daAuts
     D:3: 431 daAuts
     D:1: 398 daAuts
     D:2: 211 daAuts
     D:5: 180 daAuts
